 Dungeon Crawl Stone Soup version 0.31-a0-833-gc15d34cb79 (webtiles) character file.

Game seed: 15606527961228693064

115 Maratek the Poker (level 4, -9/35 HPs)
             Began as a Demonspawn Fighter on Sept 25, 2023.
             Was an Initiate of Hepliaklqana.
             Killed from afar by Ijyb (14 damage)
             ... with a bolt of dispelling energy
             ... on level 3 of the Dungeon.
             The game lasted 00:02:54 (1951 turns).

Maratek the Poker (Demonspawn Fighter)              Turns: 1951, Time: 00:02:55

Health: -9/35      AC:  6    Str: 18    XL:     4   Next: 68%
Magic:  4/4        EV:  9    Int: 10    God:    Hepliaklqana [......]
Gold:   226        SH:  4    Dex: 12    Spells: 3/3 levels left

rFire   . . .        a - +1 trident
rCold   . . .        c - +0 buckler
rNeg    . . .        b - +0 scale mail
rPois   .            (no helmet)
rElec   .            (no cloak)
rCorr   .            (no gloves)
SInv    .            (no boots)
Will    .....        l - amulet of magic regeneration Stlth
                     (no ring)
HPRegen 0.25/turn    (no ring)
MPRegen 0.58/turn

%: no passive effects
@: no status effects
A: spiny 1, magic regeneration
a: Renounce Religion


You were on level 3 of the Dungeon.
You worshipped Hepliaklqana.
Hepliaklqana was noncommittal.
You visited 1 branch of the dungeon, and saw 3 of its levels.

You collected 226 gold pieces.

Inventory:

Hand Weapons
 a - a +1 trident (weapon)
Armour
 b - a +0 scale mail (worn)
 c - a +0 buckler (worn)
Jewellery
 l - an amulet of magic regeneration (around neck)
Wands
 g - a wand of flame (2)
Scrolls
 e - a scroll of immolation {unknown}
 f - a scroll of enchant armour
 j - a scroll of teleportation
Potions
 d - a potion of might
 h - a potion of haste {unknown}
 i - a potion of enlightenment {unknown}
 k - a potion of ambrosia {unknown}
 n - a potion of heal wounds {unknown}
 q - a potion of invisibility {unknown}


   Skills:
 + Level 3.4 Fighting
 + Level 3.6 Polearms
 + Level 3.2 Armour
 + Level 2.9 Shields


You had 3 spell levels left.
You didn't know any spells.
Your spell library contained the following spells:

 Spells                   Type           Power      Damage    Failure   Level
 Foxfire                  Conj/Fire      0%         2x1d4     83%         1
 Freeze                   Ice            0%         1d3       83%         1
 Kiss of Death            Conj/Necr      0%         2d5       83%         1
 Confusing Touch          Hex            0%         N/A       99%         3
 Frozen Ramparts          Ice            0%         1d1       99%         3
 Hailstorm                Conj/Ice       0%         3d3       99%         3
 Stone Arrow              Conj/Erth      0%         3d7       99%         3
 Animate Armour           Summ/Erth      0%         N/A       100%        4
 Dispel Undead            Necr           0%         3d6       100%        4
 Summon Forest            Summ/Tloc      0%         N/A       100%        5
 Summon Mana Viper        Hex/Summ       0%         N/A       100%        5
 Plasma Beam              Fire/Air       0%         2x1d10    100%        6
 Starburst                Conj/Fire      0%         6d3       100%        6
 Summon Cactus Giant      Summ           0%         N/A       100%        6
 Lehudib's Crystal Spear  Conj/Erth      0%         10d2      100%        8


Dungeon Overview and Level Annotations

Branches:
Dungeon (3/15)

Altars:
Hepliaklqana

Shops:
D:3 ?

Annotations:
D:2 1 runed translucent door, Crazy Yiuf
D:3 Ijyb


Innate Abilities, Weirdness & Mutations

You are partially covered in sharp spines.
You regenerate magic rapidly.


Message History

Ijyb and a quokka come into view.
Ijyb is wielding a +0 dagger, wearing a +1 leather armour of cold resistance and carrying a wand of quicksilver.
Ijyb screams, "Me stronger than you!"
Ijyb zaps a wand.
The bolt of dispelling energy hits you!
There are monsters nearby!
There are monsters nearby!
Aiming: Throw Flame
Press: ? - help, Q - select action Shift-Dir - straight line, f - Ijyb
Aim: Ijyb, wielding a +0 dagger, wearing a +1 leather armour of cold resistance and carrying a wand of quicksilver (60% to hit)
The puff of flame hits the quokka.
You kill the quokka!
Ijyb zaps a wand.
The bolt of dispelling energy hits you!
* * * LOW HITPOINT WARNING * * *
Aiming: Throw Flame
Press: ? - help, Q - select action Shift-Dir - straight line, f/p - Ijyb
Aim: Ijyb, wielding a +0 dagger, wearing a +1 leather armour of cold resistance and carrying a wand of quicksilver (60% to hit)
The puff of flame hits Ijyb but does no damage.
Aiming: Throw Flame
Press: ? - help, Q - select action Shift-Dir - straight line, f/p - Ijyb
Aim: Ijyb, wielding a +0 dagger, wearing a +1 leather armour of cold resistance and carrying a wand of quicksilver (60% to hit)
The puff of flame misses Ijyb.
Aiming: Throw Flame
Press: ? - help, Q - select action Shift-Dir - straight line, f/p - Ijyb
Aim: Ijyb, wielding a +0 dagger, wearing a +1 leather armour of cold resistance and carrying a wand of quicksilver (60% to hit)
The puff of flame hits Ijyb!
Ijyb is moderately wounded.
Ijyb zaps a wand.
The bolt of dispelling energy misses you.
Aiming: Throw Flame
Press: ? - help, Q - select action Shift-Dir - straight line, f/p - Ijyb
Aim: Ijyb, wielding a +0 dagger, wearing a +1 leather armour of cold resistance and carrying a wand of quicksilver (moderately wounded, 60% to hit)
The puff of flame hits Ijyb.
Ijyb is heavily wounded.
Aiming: Throw Flame
Press: ? - help, Q - select action Shift-Dir - straight line, f/p - Ijyb
Aim: Ijyb, wielding a +0 dagger, wearing a +1 leather armour of cold resistance and carrying a wand of quicksilver (heavily wounded, 60% to hit)
The puff of flame hits Ijyb but does no damage.
Ijyb is heavily wounded.
Ijyb zaps a wand.
The bolt of dispelling energy hits you!
You die...

....# #.#.# ##.# *,* *, ....#
*,#.# #..######## *,* ** .####
*,#.# ###.........# *,*
.#*****,#.###..††.......# *,*
..,,,,*,#.....###.).....# *,*
..,,,,*,#.....+.........# *,*
*,,,,,*,#.....##........# *,*
*,,,,,*,####.###........# *,*
*,,,,,,,,**#.#*#@###.#### *,*
*****,,,,,#......# #.# *,*
*,,,,.......g# #.# *,*
**,,,,.>.....†# #.# *,****
*,,,,,........# #.# *,*,,,
*,,,,,##......# #.#******,**,*
*,,,,,*#......#*#.#,,,,,,,**,*
*,*****####.#..,,,*,********,*
*,* *,*******,********,*


You could see Ijyb.

Vanquished Creatures
  A jelly (D:2)
  An adder (D:3)
  5 worms
  2 dart slugs
  An orc (D:3)
  4 ball pythons
  3 endoplasms
  2 giant cockroaches
  5 goblins
  7 hobgoblins
  4 kobolds
  4 quokkas
  7 bats
  3 frilled lizards
  5 rats
54 creatures vanquished.

Notes
Turn   | Place    | Note
-------+----------+-------------------------------------------
     0 | D:1      | Maratek the Demonspawn Fighter began the quest for the Orb.
     0 | D:1      | Reached XP level 1. HP: 18/18 MP: 1/1
   217 | D:1      | Gained mutation: You are partially covered in sharp spines.
                  | [demonic ancestry]
   217 | D:1      | Reached XP level 2. HP: 22/24 MP: 2/2
   234 | D:1      | Found a faded altar of an unknown god.
   915 | D:2      | Gained mutation: You regenerate magic rapidly. [demonic
                  | ancestry]
   915 | D:2      | Reached XP level 3. HP: 29/29 MP: 3/3
   946 | D:2      | Found a hazy altar of Hepliaklqana.
   959 | D:2      | Became a worshipper of Hepliaklqana the Forgotten
  1111 | D:2      | Identified the +0 robe of Dice, Bag, and Bottle {rN+
                  | Stlth+}
  1215 | D:2      | Found a runed translucent door.
  1216 | D:2      | Noticed Crazy Yiuf
  1393 | D:2      | Reached XP level 4. HP: 23/35 MP: 4/4
  1709 | D:3      | Found The Oracle's Delphic Readings.
  1944 | D:3      | Noticed Ijyb
  1951 | D:3      | Killed from afar by Ijyb

Illustrated notes

Levels and vault maps discovered:
D:1:      minmay_arrival_shattered_statue, layout_basic,
          shapermc_ecumenical_altar_venn, nrook_uturn, skrybe_limestone_x
D:2:      wad_river_or_something, layout_rooms, basic_altar, minmay_distorted,
          uniq_crazy_yiuf_cottage
D:3:      layout_basic, gammafunk_temple_overflow_statue,
          nicolae_nh_oracle_at_delphi, uniq_ijyb

Skill      XL: |  1  2  3 |
---------------+----------+-----
Polearms       | 2 3 |  3.6
Armour         | 3 |  3.2
Fighting       | |  3.4
Shields        | |  2.9

Action                     |  1- 3 |  4- 6 || total
---------------------------+-------+-------++-------
  Melee: Trident           |   121 |    41 ||   162
  Evoke: Wand              |       |     6 ||     6
    Use: Scroll            |       |     7 ||     7
 Armour: Scale mail        |    45 |    21 ||    66
  Dodge: Dodged            |    31 |    13 ||    44
  Block: Buckler           |    20 |     5 ||    25

Table legend: (Time is in decaauts)
 A = Elapsed time spent in this place.
 B = Non-inter-level travel time spent in this place.
 C = Inter-level travel time spent in this place.
 D = Time resting spent in this place.
 E = Time spent auto-exploring this place.
 F = Levels seen in this place.
 G = Mean time per level.
                   A        B        C        D        E       F      G
               +--------+--------+--------+--------+--------+-----+--------+
         Total |   1986 |   1948 |     38 |      0 |   1585 |   3 |  662.0 |
       Dungeon |   1986 |   1948 |     38 |      0 |   1585 |   3 |  662.0 |
               +--------+--------+--------+--------+--------+-----+--------+

Top non-repeatable levels by time:
     D:1: 825 daAuts
     D:2: 815 daAuts
     D:3: 345 daAuts
